 Seeded DCSS version 0.31-a0-182-gc5ef74bbde (webtiles) character file.

Game seed: 3425585917399930565 (custom seed)

44 innerfire43 the Trooper (level 3, -4/29 HPs)
             Began as a Demonspawn Monk on June 20, 2023.
             Slain by a hobgoblin (5 damage)
             ... led by Robin
             ... on level 2 of the Dungeon.
             The game lasted 00:00:47 (970 turns).

innerfire43 the Trooper (Demonspawn Monk)            Turns: 970, Time: 00:00:48

Health: -4/29      AC:  2    Str: 13    XL:     3   Next: 41%
Magic:  3/3        EV: 13    Int: 11    God:
Gold:   94         SH:  0    Dex: 15    Spells: 2/2 levels left

rFire   . . .        a - +0 hand axe
rCold   . . .        d - orb {light}
rNeg    . . .        b - +0 robe
rPois   .            (no helmet)
rElec   .            (no cloak)
rCorr   .            (no gloves)
SInv    .            (no boots)
Will    .....        (no amulet)
Stlth   +            (no ring)
HPRegen 0.24/turn    (no ring)
MPRegen 0.08/turn

%: no passive effects
@: glowing
A: demonic magic 2
a: no special abilities


You were on level 2 of the Dungeon.
You visited 1 branch of the dungeon, and saw 2 of its levels.

You collected 94 gold pieces.

Inventory:

Hand Weapons
 a - a +0 hand axe (weapon)
Armour
 b - a +0 robe (worn)
 d - an orb of light (worn)
Jewellery
 i - a +4 ring of protection
Scrolls
 f - a scroll of poison {unknown}
 g - a scroll of identify {unknown}
 j - a scroll of noise {unknown}
Potions
 c - a potion of ambrosia
 e - a potion of curing {unknown}
 h - a potion of might {unknown}
 k - a potion of attraction {unknown}


   Skills:
 + Level 3.5 Fighting
 + Level 3.3 Axes
 + Level 3.1 Dodging


You had 2 spell levels left.
You didn't know any spells.
Your spell library was empty.

Dungeon Overview and Level Annotations

Branches:
Dungeon (2/15)

Altars:


Innate Abilities, Weirdness & Mutations

Spells you cast may paralyse nearby enemies.


Message History

Items here: ))))) ††††.
You hit Robin.
Robin is lightly wounded.
You hit the goblin.
You kill the goblin!
A goblin comes into view. It is wielding a +0 club.
Robin hits you but does no damage.
You hit Robin.
Robin is lightly wounded.
You barely miss the hobgoblin. Robin closely misses you.
The hobgoblin barely misses you.
You hit Robin.
Robin is moderately wounded.
You barely miss the hobgoblin. Robin barely misses you. The hobgoblin hits you.
You hit Robin but do no damage.
Robin is moderately wounded.
You barely miss the hobgoblin. Robin barely misses you.
The hobgoblin completely misses you.
You hit Robin.
Robin is heavily wounded.
You barely miss the hobgoblin. Robin hits you but does no damage.
The hobgoblin hits you.
You hit Robin.
Robin is almost dead.
You hit the hobgoblin but do no damage. Robin hits you with a +0 whip.
The hobgoblin hits you.
* * * LOW HITPOINT WARNING * * *
The hobgoblin misses you. Robin throws the goblin at you!
You hit Robin.
You kill Robin!
You hit the goblin. You hit the hobgoblin. The hobgoblin closely misses you.
The goblin hits you with a +0 club.
* * * LOW HITPOINT WARNING * * *
The hobgoblin closely misses you.
Things that are here:
a +0 whip; a +0 animal skin; a +0 helmet You barely miss the goblin.
The goblin is severely wounded.
You hit the hobgoblin but do no damage. The hobgoblin hits you.
You die...

#..#
#..#
#..#
#..#
#..#
#..#
####g.#
#.)g@.#
#.###.#
#.# .#
#.# .#
#.# .#
#.# .#
#<# .#
### .#


You could see a hobgoblin (strong) and a goblin (strong).

Vanquished Creatures
  Robin (D:2)
  An endoplasm (D:1)
  A giant cockroach (D:1)
  13 goblins
  5 hobgoblins
  A bat (D:1)
  3 frilled lizards (D:1)
  2 kobolds (D:1)
  4 rats (D:1)
31 creatures vanquished.

Notes
Turn   | Place    | Note
-------+----------+-------------------------------------------
     0 | D:1      | innerfire43 the Demonspawn Monk began the quest for the
                  | Orb.
     0 | D:1      | Reached XP level 1. HP: 18/18 MP: 1/1
   305 | D:1      | Gained mutation: Spells you cast may paralyse adjacent
                  | enemies. [demonic ancestry]
   305 | D:1      | Reached XP level 2. HP: 24/24 MP: 2/2
   955 | D:2      | Noticed Robin
   958 | D:2      | Gained mutation: Spells you cast may paralyse nearby
                  | enemies. [demonic ancestry]
   958 | D:2      | Reached XP level 3. HP: 26/29 MP: 3/3
   968 | D:2      | Killed Robin
   968 | D:2      | HP: 1/29 [goblin/+0 club[Robin] (5)]
   970 | D:2      | Slain by a hobgoblin

Illustrated notes

Levels and vault maps discovered:
D:1:      dpeg_arrival_more_subterranean_lakeside_camping, layout_basic
D:2:      layout_basic, minmay_small_reverse_x, uniq_terence, uniq_robin

Skill      XL: |  1  2 |
---------------+-------+-----
Axes           | 3 |  3.3
Dodging        | 3 |  3.1
Fighting       | |  3.5

Action                     || total
---------------------------++-------
  Melee: Hand axe          ||    87
 Armour: Robe              ||    12
  Dodge: Dodged            ||    58

Table legend: (Time is in decaauts)
 A = Elapsed time spent in this place.
 B = Non-inter-level travel time spent in this place.
 C = Inter-level travel time spent in this place.
 D = Time resting spent in this place.
 E = Time spent auto-exploring this place.
 F = Levels seen in this place.
 G = Mean time per level.
                   A        B        C        D        E       F      G
               +--------+--------+--------+--------+--------+-----+--------+
         Total |    982 |    940 |     42 |      0 |    765 |   2 |  491.0 |
       Dungeon |    982 |    940 |     42 |      0 |    765 |   2 |  491.0 |
               +--------+--------+--------+--------+--------+-----+--------+

Top non-repeatable levels by time:
     D:1: 955 daAuts
     D:2: 27 daAuts
